[Event "ICC Open 2015"]
[Site "Internet Chess Club"]
[Date "2015.05.29"]
[Round "2"]
[White "golpeador"]
[Black "nephilimflyer"]
[Result "1-0"]
[ICCResult "Black forfeits on time"]
[WhiteElo "2405"]
[BlackElo "1610"]
[Opening "Réti opening"]
[ECO "A04"]
[NIC "QP.11"]
[Time "19:17:29"]
[TimeControl "180+0"]

1. Nf3 g6 2. d4 Bg7 3. Bf4 c6 4. e3 d6 5. c3 Nd7 6. h3 Qb6 7. Qb3 Qc7 8.
Nbd2 e5 9. Bh2 Nh6 10. Bc4 O-O 11. dxe5 dxe5 12. a4 Nc5 13. Qa2 Bf5 14. O-O
Bd3 15. Rfd1 Bc2 16. Rdc1 Bd3 17. Rd1 Bc2 18. Rdc1 Bd3 19. Ng5 Bxc4 20. Nxc4
Qe7 21. Nf3 Nd7 22. Rd1 Rfe8 23. Nd6 Reb8 24. g4 Qe6 25. Qxe6 fxe6 26. Ng5
Nf8 27. Rd2 b6 28. Rad1 Re8 29. b4 Re7 30. c4 Rd8 31. f3 Red7 32. Kf2 Bf6
33. Nge4 Bg7 34. Ke2 Nf7 35. Nxf7 Rxd2+ 36. Rxd2 Rxd2+ 37. Kxd2 Kxf7 38.
Nd6+ Ke7 39. Nc8+ Kd7 40. Nxa7 Kc7 41. b5 {Black forfeits on time} 1-0

[Event "ICC Open 2015"]
[Site "Internet Chess Club"]
[Date "2015.05.29"]
[Round "3"]
[White "Machinegun"]
[Black "FedoseevVl95"]
[Result "0-1"]
[ICCResult "White resigns"]
[WhiteElo "2566"]
[BlackElo "3079"]
[Opening "French: Winawer, Alekhine (Maróczy) gambit"]
[ECO "C15"]
[NIC "FR.08"]
[Time "19:34:46"]
[TimeControl "180+0"]

1. e4 e6 2. d4 d5 3. Nc3 Bb4 4. Ne2 Nd7 5. a3 Bxc3+ 6. Nxc3 c6 7. e5 Ne7 8.
Bd3 O-O 9. Qh5 f5 10. Qh6 gxh6 {White resigns} 0-1

[Event "ICC Open 2015"]
[Site "Internet Chess Club"]
[Date "2015.05.29"]
[Round "3"]
[White "bennywins"]
[Black "born2die"]
[Result "0-1"]
[ICCResult "White resigns"]
[WhiteElo "1131"]
[BlackElo "1695"]
[Opening "Queen's pawn game"]
[ECO "A45"]
[NIC "QP.07"]
[Time "19:34:49"]
[TimeControl "180+0"]

1. d4 Nf6 2. c3 d5 3. c4 c6 4. Nf3 Bg4 5. b3 e6 6. e3 Bb4+ 7. Nbd2 Nbd7 8.
a3 Ba5 9. b4 Bc7 10. c5 Ne4 11. Nxe4 dxe4 12. h3 Bh5 13. g4 Bg6 14. Nd2 Nf6
15. Bb2 Nd5 16. Bg2 f5 17. gxf5 exf5 18. O-O O-O 19. Nc4 Qh4 20. Qe2 f4 21.
Kh1 f3 22. Bxf3 exf3 23. Qe1 Qxh3+ {White resigns} 0-1

[Event "ICC Open 2015"]
[Site "Internet Chess Club"]
[Date "2015.05.29"]
[Round "3"]
[White "kava"]
[Black "chesstempo2"]
[Result "0-1"]
[ICCResult "White disconnected and forfeits"]
[WhiteElo "2863"]
[BlackElo "1983"]
[Opening "QGD Slav: 4.e3"]
[ECO "D11"]
[NIC "EO.64"]
[Time "19:34:42"]
[TimeControl "180+0"]

1. c4 c6 2. Nf3 d5 3. d4 Nf6 4. e3 e6 5. b3 Nbd7 6. Bb2 Bb4+ 7. Nbd2 Ne4 8.
Bd3 Qa5 9. a3 Bxd2+ 10. Nxd2 Nxd2 11. Qxd2 Qxd2+ 12. Kxd2 Nf6 13. f3 O-O 14.
e4 dxe4 15. fxe4 Rd8 16. e5 Nd7 17. Ke3 b6 18. Be4 Bb7 19. b4 Rab8 20. Rhd1
f6 {White disconnected and forfeits} 0-1

[Event "ICC Open 2015"]
[Site "Internet Chess Club"]
[Date "2015.05.29"]
[Round "3"]
[White "cristoforo"]
[Black "Svinotigr"]
[Result "0-1"]
[ICCResult "White resigns"]
[WhiteElo "1425"]
[BlackElo "1650"]
[Opening "Queen's Pawn"]
[ECO "A41"]
[NIC "QO.17"]
[Time "19:34:50"]
[TimeControl "180+0"]

1. d4 d6 2. e3 Nd7 3. Bd3 e5 4. Nd2 Qe7 5. dxe5 dxe5 6. e4 g6 7. Ngf3 h5 8.
Nb3 Bg7 9. Be3 Ngf6 10. Qd2 O-O 11. O-O-O b6 12. Nh4 a5 13. a4 Re8 14. f4
exf4 15. Bxf4 Nxe4 16. Rhe1 Nxd2 17. Rxe7 Nxb3+ 18. cxb3 Rxe7 19. Bxc7 Nc5
20. Bxb6 Nxd3+ 21. Rxd3 Ba6 {White resigns} 0-1

[Event "ICC Open 2015"]
[Site "Internet Chess Club"]
[Date "2015.05.29"]
[Round "3"]
[White "olimpus"]
[Black "Lzmann"]
[Result "1-0"]
[ICCResult "Black resigns"]
[WhiteElo "2737"]
[BlackElo "1801"]
[Opening "Nimzovich-Larsen attack: Indian variation"]
[ECO "A01"]
[NIC "VO.08"]
[Time "19:35:19"]
[TimeControl "180+0"]

1. b3 Nf6 2. Bb2 g6 3. e3 Bg7 4. Nf3 O-O 5. d4 d6 6. Be2 b6 7. O-O Bb7 8. c4
Nbd7 9. Nc3 Re8 10. Qc2 e5 11. dxe5 dxe5 12. Rfd1 Qe7 13. Rac1 Rad8 14. Nd5
c6 15. Nxe7+ Rxe7 16. Nxe5 Ree8 17. Nxd7 Nxd7 18. Bxg7 Kxg7 19. Bf3 Nf6 20.
Qc3 Rxd1+ 21. Rxd1 Re6 22. g4 Kf8 23. g5 Ne8 24. Rd7 Kg8 25. Rxb7
{Black resigns}
1-0

[Event "ICC Open 2015"]
[Site "Internet Chess Club"]
[Date "2015.05.29"]
[Round "3"]
[White "druskacik"]
[Black "playformaximum"]
[Result "0-1"]
[ICCResult "White resigns"]
[WhiteElo "2461"]
[BlackElo "3008"]
[Opening "French: Schlechter variation"]
[ECO "C01"]
[NIC "FR.01"]
[Time "19:35:07"]
[TimeControl "180+0"]

1. e4 e6 2. d4 d5 3. Bd3 dxe4 4. Bxe4 Nf6 5. Bf3 Be7 6. Ne2 O-O 7. O-O c5 8.
Bf4 Nc6 9. c3 cxd4 10. Nxd4 Nxd4 11. Qxd4 Qxd4 12. cxd4 Rd8 13. Nc3 Rxd4 14.
Rfd1 Rxf4 15. Rac1 Bd7 16. Ne4 Bc6 17. Nxf6+ Bxf6 18. Bxc6 bxc6 19. b3 Rd4
20. Rxd4 Bxd4 21. Rxc6 Rd8 22. Kf1 Bb6 23. Ke2 Kf8 24. a4 Rd4 25. Rc8+ Ke7
26. Rh8 h6 27. Rg8 Kf6 28. Rb8 Rb4 29. Rb7 a5 {White resigns} 0-1

[Event "ICC Open 2015"]
[Site "Internet Chess Club"]
[Date "2015.05.29"]
[Round "3"]
[White "Psycho-Cowboy"]
[Black "paulohaddad"]
[Result "1-0"]
[ICCResult "Black checkmated"]
[WhiteElo "2401"]
[BlackElo "1804"]
[Opening "QGD: 4.Nf3"]
[ECO "D37"]
[NIC "QO.16"]
[Time "19:34:56"]
[TimeControl "180+0"]

1. d4 d5 2. c4 e6 3. Nc3 Nf6 4. Nf3 Bd6 5. c5 Be7 6. Bf4 c6 7. e3 O-O 8. Bd3
b6 9. b4 a5 10. a3 bxc5 11. bxc5 Ba6 12. Ne5 a4 13. O-O Bxd3 14. Qxd3 Nfd7
15. Rab1 Nxe5 16. Bxe5 Nd7 17. Bg3 f5 18. Rb7 Nf6 19. Rfb1 Ne4 20. Nxe4 fxe4
21. Qd1 Bh4 22. Qg4 Bxg3 23. Qxg7# {Black checkmated} 1-0

[Event "ICC Open 2015"]
[Site "Internet Chess Club"]
[Date "2015.05.29"]
[Round "3"]
[White "Peter-Patzer"]
[Black "chess2009"]
[Result "1-0"]
[ICCResult "Black checkmated"]
[WhiteElo "2089"]
[BlackElo "1616"]
[Opening "French: Tarrasch, closed variation"]
[ECO "C05"]
[NIC "FR.16"]
[Time "19:35:12"]
[TimeControl "180+0"]

1. e4 e6 2. d4 d5 3. Nd2 Nf6 4. e5 Nfd7 5. f4 c5 6. Ndf3 Qb6 7. c3 cxd4 8.
Nxd4 Bc5 9. Ngf3 Nc6 10. Bd3 Nxd4 11. cxd4 Bxd4 12. Nxd4 Qxd4 13. Qe2 Qb4+
14. Bd2 Qxb2 15. O-O Qd4+ 16. Kh1 Qc5 17. f5 Qe7 18. fxe6 Qxe6 19. Bf5 Qe7
20. Rab1 Nxe5 21. Bb4 Qc7 22. Rbc1 Qb8 23. Rxc8+ Qxc8 24. Qxe5+ Qe6 25. Bxe6
fxe6 26. Qd6 Rf8 27. Qe7# {Black checkmated} 1-0

[Event "ICC Open 2015"]
[Site "Internet Chess Club"]
[Date "2015.05.29"]
[Round "3"]
[White "CapilanoBridge"]
[Black "MWeston"]
[Result "1-0"]
[ICCResult "Black resigns"]
[WhiteElo "3168"]
[BlackElo "2718"]
[Opening "English opening"]
[ECO "A10"]
[NIC "EO.64"]
[Time "19:35:50"]
[TimeControl "180+0"]

1. c4 d5 2. cxd5 Qxd5 3. Nc3 Qd8 4. d4 Nf6 5. e4 e6 6. Nf3 Be7 7. Bd3 O-O 8.
Qe2 c5 9. dxc5 Bxc5 10. Bg5 h6 11. Bxf6 Qxf6 12. e5 Qf4 13. Ne4 Bb4+ 14. Kf1
h5 15. Neg5 Be7 16. Bh7+ Kh8 17. Be4 b6 18. g3 {Black resigns} 1-0

[Event "ICC Open 2015"]
[Site "Internet Chess Club"]
[Date "2015.05.29"]
[Round "3"]
[White "QuintilianoR"]
[Black "RobbieWilliams"]
[Result "1-0"]
[ICCResult "Black resigns"]
[WhiteElo "2296"]
[BlackElo "1722"]
[Opening "Alekhine's defense: exchange variation"]
[ECO "B03"]
[NIC "AL.08"]
[Time "19:35:51"]
[TimeControl "180+0"]

1. e4 Nf6 2. e5 Nd5 3. d4 d6 4. c4 Nb6 5. exd6 exd6 6. Nc3 Nc6 7. Be2 Be7 8.
Nf3 Bg4 9. b3 Bf6 10. Be3 O-O 11. O-O Re8 12. h3 Bh5 13. Rc1 d5 14. c5 Nc8
15. b4 a6 16. Qb3 Bxf3 17. Bxf3 Bxd4 18. Bxd5 Bxe3 19. fxe3 Rxe3 20. Bxc6
bxc6 21. Qxf7+ Kh8 22. Qf8+ {Black resigns} 1-0

[Event "ICC Open 2015"]
[Site "Internet Chess Club"]
[Date "2015.05.29"]
[Round "3"]
[White "Oblique"]
[Black "Werewolf"]
[Result "0-1"]
[ICCResult "White resigns"]
[WhiteElo "1725"]
[BlackElo "2236"]
[Opening "Queen's gambit accepted"]
[ECO "D20"]
[NIC "QG.03"]
[Time "19:35:31"]
[TimeControl "180+0"]

1. d4 d5 2. c4 dxc4 3. e3 e5 4. Nf3 exd4 5. Qxd4 Qxd4 6. Nxd4 a6 7. Bxc4 c5
8. Nf3 Nc6 9. O-O Be7 10. Nc3 Nf6 11. b3 O-O 12. Bb2 Bg4 13. Be2 Rad8 14.
Rfd1 Nb4 15. a3 Nc6 16. Rac1 Na5 17. Rxd8 Rxd8 18. Bd1 Be6 19. Ne2 Bxb3 20.
Bxb3 Nxb3 21. Bxf6 Nxc1 {White resigns} 0-1

[Event "ICC Open 2015"]
[Site "Internet Chess Club"]
[Date "2015.05.29"]
[Round "3"]
[White "PITCHUS"]
[Black "lsokol"]
[Result "0-1"]
[ICCResult "White resigns"]
[WhiteElo "1788"]
[BlackElo "2346"]
[Opening "Réti: King's Indian attack"]
[ECO "A05"]
[NIC "QP.11"]
[Time "19:35:31"]
[TimeControl "180+0"]

1. Nf3 Nf6 2. g3 g6 3. Bg2 Bg7 4. O-O O-O 5. c4 d6 6. Nc3 Bg4 7. d4 Qc8 8.
Ng5 c6 9. h3 Bd7 10. Kh2 Na6 11. f4 e5 12. dxe5 dxe5 13. fxe5 Nh5 14. Bf4
Nc5 15. b4 Ne6 16. Nxe6 Bxe6 17. c5 Nxf4 18. gxf4 f6 19. Qd4 fxe5 20. fxe5
Qc7 21. Rf6 Bxf6 22. Kh1 Bxe5 23. Qe3 Rae8 24. Ne4 Bxa1 {White resigns} 0-1

[Event "ICC Open 2015"]
[Site "Internet Chess Club"]
[Date "2015.05.29"]
[Round "3"]
[White "nowornever"]
[Black "vasek"]
[Result "1-0"]
[ICCResult "Black checkmated"]
[WhiteElo "2019"]
[BlackElo "1265"]
[Opening "Vienna game"]
[ECO "C25"]
[NIC "VG.04"]
[Time "19:35:00"]
[TimeControl "180+0"]

1. e4 e5 2. Nc3 d6 3. f4 exf4 4. Bc4 Be7 5. Nf3 Nf6 6. O-O O-O 7. d4 Nbd7 8.
e5 dxe5 9. dxe5 Bc5+ 10. Kh1 Ng4 11. Bxf4 Ne3 12. Bxe3 Bxe3 13. e6 Nf6 14.
exf7+ Kh8 15. Qe1 Bb6 16. Qh4 Qe7 17. Ng5 h6 18. Rae1 Qc5 19. Rxf6 Qxg5 20.
Re8 Qxf6 21. Rxf8+ Kh7 22. Bd3+ g6 23. Qxf6 Ba5 24. Bxg6# {Black checkmated}
1-0

[Event "ICC Open 2015"]
[Site "Internet Chess Club"]
[Date "2015.05.29"]
[Round "3"]
[White "gonesailing"]
[Black "yaguaro"]
[Result "0-1"]
[ICCResult "White resigns"]
[WhiteElo "1572"]
[BlackElo "2076"]
[Opening "Blackmar-Diemer gambit"]
[ECO "B02"]
[NIC "AL.10"]
[Time "19:35:45"]
[TimeControl "180+0"]

1. e4 Nf6 2. Nc3 d5 3. d4 dxe4 4. f3 Bf5 5. fxe4 Bxe4 6. Nxe4 Nxe4 7. Nf3 c6
8. Bd3 Nf6 9. c3 e6 10. O-O Be7 11. Ng5 h6 12. Nf3 Nbd7 13. Qe1 O-O 14. Qg3
Kh8 15. Qh3 Ng8 16. Bd2 Ndf6 17. Rae1 Qb6 18. Bc1 c5 19. Ne5 cxd4 20. Kh1
dxc3 21. bxc3 Rac8 22. Bb1 Qxb1 23. Bxh6 Qh7 {White resigns} 0-1

[Event "ICC Open 2015"]
[Site "Internet Chess Club"]
[Date "2015.05.29"]
[Round "3"]
[White "supermouse"]
[Black "Red-white"]
[Result "0-1"]
[ICCResult "White resigns"]
[WhiteElo "2722"]
[BlackElo "3195"]
[Opening "Réti opening"]
[ECO "A06"]
[NIC "QP.09"]
[Time "19:35:02"]
[TimeControl "180+0"]

1. Nf3 d5 2. e3 Nf6 3. c4 e6 4. Nc3 Be7 5. g4 O-O 6. g5 Ne4 7. h4 c5 8. Qc2
Nxc3 9. Qxc3 Nc6 10. cxd5 exd5 11. a3 Bf5 12. Bd3 d4 13. Qc2 Bxd3 14. Qxd3
dxe3 15. Qxe3 Qd7 16. Kf1 Rfe8 17. d3 Bf8 18. Qd2 Rad8 19. Qd1 Qf5 20. Ne1
c4 21. Qf3 Qb5 22. dxc4 Qxc4+ 23. Kg2 Nd4 24. Qg4 Qc6+ 25. Nf3 Re4 26. Qh3
Nxf3 {White resigns} 0-1

[Event "ICC Open 2015"]
[Site "Internet Chess Club"]
[Date "2015.05.29"]
[Round "3"]
[White "rgam"]
[Black "ibarra"]
[Result "0-1"]
[ICCResult "White resigns"]
[WhiteElo "1695"]
[BlackElo "2822"]
[Opening "Sicilian defense"]
[ECO "B20"]
[NIC "SI.48"]
[Time "19:35:14"]
[TimeControl "180+0"]

1. e4 c5 2. d3 e6 3. Nd2 d5 4. Ngf3 Nc6 5. g3 g6 6. Bg2 Bg7 7. O-O Nge7 8.
Re1 O-O 9. Qe2 Qc7 10. c3 b6 11. e5 g5 12. h3 Ng6 13. Nf1 h6 14. N1h2 Ncxe5
15. Nxe5 Qxe5 16. Qxe5 Nxe5 17. f4 Nxd3 18. Re2 Ba6 19. Rc2 gxf4 20. Bxf4
Nxf4 21. gxf4 f5 22. Re1 Rae8 23. b3 Kf7 24. Nf3 Bd3 25. Rd2 Be4 26. Ne5+
Bxe5 27. fxe5 Rg8 28. Kh2 Rg5 29. c4 Rxg2+ 30. Rxg2 Bxg2 31. Kxg2 dxc4 32.
Rd1 cxb3 33. axb3 Re7 34. Rd6 Rc7 35. Rd7+ Rxd7 {White resigns} 0-1

[Event "ICC Open 2015"]
[Site "Internet Chess Club"]
[Date "2015.05.29"]
[Round "3"]
[White "PADILLON2189"]
[Black "TheSettersDad"]
[Result "1-0"]
[ICCResult "Black resigns"]
[WhiteElo "2029"]
[BlackElo "1535"]
[Opening "Old Indian defense"]
[ECO "A53"]
[NIC "QP.07"]
[Time "19:35:37"]
[TimeControl "180+0"]

1. d4 Nf6 2. c4 d6 3. Nf3 g6 4. Nc3 Bf5 5. g3 Ne4 6. Bd2 Bg7 7. Bg2 Nxc3 8.
Bxc3 Be4 9. O-O O-O 10. Qd2 Nd7 11. Rfd1 Nf6 12. Bh3 Bxf3 13. exf3 e6 14.
Bg2 Nd7 15. f4 Re8 16. Bxb7 Rb8 17. Bf3 Nf6 18. h4 h5 19. Kg2 Qd7 20. Re1
Rbd8 21. Re2 e5 22. dxe5 dxe5 23. Qxd7 Nxd7 24. Bc6 exf4 25. Rxe8+ Rxe8 26.
Bxd7 Rd8 27. Bxg7 {Black resigns} 1-0

[Event "ICC Open 2015"]
[Site "Internet Chess Club"]
[Date "2015.05.29"]
[Round "3"]
[White "jewels2"]
[Black "Bleeksk"]
[Result "0-1"]
[ICCResult "White checkmated"]
[WhiteElo "1325"]
[BlackElo "1909"]
[Opening "QGD: Orthodox defense, Botvinnik variation"]
[ECO "D60"]
[NIC "QO.12"]
[Time "19:35:41"]
[TimeControl "180+0"]

1. d4 e6 2. c4 d5 3. Nc3 Nf6 4. Nf3 Be7 5. Bg5 O-O 6. e3 Nbd7 7. Bd3 dxc4 8.
Bxc4 a6 9. Bb3 c5 10. Qd3 b5 11. Bc2 c4 12. Qe2 Bb7 13. O-O-O Qa5 14. Ne5 b4
15. Nxd7 bxc3 16. Nxf8 cxb2+ 17. Kxb2 Ba3+ 18. Kb1 Qb4+ 19. Ka1 Qb2#
{White checkmated}
0-1

[Event "ICC Open 2015"]
[Site "Internet Chess Club"]
[Date "2015.05.29"]
[Round "3"]
[White "Chaos23"]
[Black "croder"]
[Result "1-0"]
[ICCResult "Black resigns"]
[WhiteElo "2065"]
[BlackElo "1544"]
[Opening "Vienna gambit"]
[ECO "C30"]
[NIC "KG.05"]
[Time "19:35:35"]
[TimeControl "180+0"]

1. e4 e5 2. f4 Nc6 3. Nc3 Nf6 4. fxe5 Nxe5 5. d4 Ng6 6. e5 Ng8 7. Nf3 Bb4 8.
Bc4 N8e7 9. O-O O-O 10. Ng5 d5 11. exd6 Bxc3 12. dxe7 Qxe7 13. bxc3 Be6 14.
d5 Bd7 15. Qh5 h6 16. d6 Qxg5 17. Bxg5 Kh7 18. Rxf7 Rxf7 19. Bxf7 Ne5 20.
Re1 Ng4 21. Re7 Bf5 22. h3 Nf6 23. Bxf6 gxf6 24. Be6+ {Black resigns} 1-0

[Event "ICC Open 2015"]
[Site "Internet Chess Club"]
[Date "2015.05.29"]
[Round "3"]
[White "Abbas-Child"]
[Black "ClockWatcher"]
[Result "0-1"]
[ICCResult "White resigns"]
[WhiteElo "1283"]
[BlackElo "1833"]
[Opening "Sicilian: Labourdonnais-Löwenthal (Kalashnikov) variation"]
[ECO "B32"]
[NIC "SI.32"]
[Time "19:35:09"]
[TimeControl "180+0"]

1. e4 c5 2. Nf3 Nc6 3. d4 cxd4 4. Nxd4 e5 5. Nb5 d6 6. N1a3 a6 7. Nc3 Be7 8.
Be2 Nf6 9. Bg5 O-O 10. O-O Be6 11. Bxf6 Bxf6 12. Nd5 Bxd5 13. Qxd5 Rc8 14.
Rad1 Be7 15. Nc4 Nd4 16. c3 Nxe2+ 17. Kh1 Nf4 18. Qxb7 Rxc4 19. Qxa6 Rxe4
20. Rfe1 Rxe1+ 21. Rxe1 Qa8 22. Qxa8 Rxa8 23. Ra1 Nd3 24. b4 Nxf2+ 25. Kg1
Ne4 26. a4 Nxc3 27. a5 d5 28. Rc1 Bxb4 {White resigns} 0-1

[Event "ICC Open 2015"]
[Site "Internet Chess Club"]
[Date "2015.05.29"]
[Round "3"]
[White "tristanfran"]
[Black "TheLoneKing1"]
[Result "0-1"]
[ICCResult "White resigns"]
[WhiteElo "1757"]
[BlackElo "1982"]
[Opening "French defense"]
[ECO "C00"]
[NIC "FR.01"]
[Time "19:35:21"]
[TimeControl "180+0"]

1. e4 e6 2. Nf3 d5 3. exd5 exd5 4. d4 Nf6 5. Bd3 Bd6 6. O-O O-O 7. c3 Bg4 8.
Bg5 Nbd7 9. Nbd2 c6 10. Qc2 Qc7 11. h3 Bh5 12. Rfe1 Rae8 13. a4 a6 14. Nh4
Bf4 15. Bxf4 Qxf4 16. Nhf3 Bg6 17. b4 Ne4 18. Re3 Re7 19. Rae1 Rfe8 20. R1e2
f5 21. g3 Qh6 22. Kg2 Bh5 23. Re1 Ndf6 24. Ne5 f4 25. g4 fxe3 26. Rxe3 Bg6
27. b5 Qf4 28. Rf3 Qxd2 {White resigns} 0-1

[Event "ICC Open 2015"]
[Site "Internet Chess Club"]
[Date "2015.05.29"]
[Round "3"]
[White "HaraldEskilstu"]
[Black "pvchandu"]
[Result "1-0"]
[ICCResult "Black checkmated"]
[WhiteElo "2015"]
[BlackElo "1444"]
[Opening "Scandinavian (center counter) defense"]
[ECO "B01"]
[NIC "VO.17"]
[Time "19:35:25"]
[TimeControl "180+0"]

1. e4 d5 2. Nc3 d4 3. Nce2 e5 4. Ng3 Nc6 5. Bb5 a6 6. Bxc6+ bxc6 7. d3 c5 8.
b3 a5 9. a4 Nf6 10. h3 Bd6 11. Qf3 O-O 12. Bg5 Be7 13. N1e2 h6 14. Bxf6 Bxf6
15. Nh5 Bg5 16. h4 Be7 17. g4 Qd7 18. Rg1 g6 19. Nf6+ Bxf6 20. Qxf6 Qe6 21.
Qxe6 Bxe6 22. f4 f6 23. f5 gxf5 24. gxf5+ Kf7 25. fxe6+ Kxe6 26. Ng3 Rg8 27.
Kf2 Rg7 28. Nf5 Rxg1 29. Rxg1 Rh8 30. Rg7 c6 31. Re7# {Black checkmated} 1-0

[Event "ICC Open 2015"]
[Site "Internet Chess Club"]
[Date "2015.05.29"]
[Round "3"]
[White "Federicov"]
[Black "BlitzPawn94"]
[Result "0-1"]
[ICCResult "White resigns"]
[WhiteElo "3110"]
[BlackElo "2728"]
[Opening "Grünfeld: modern exchange variation"]
[ECO "D85"]
[NIC "GI.04"]
[Time "19:34:57"]
[TimeControl "180+0"]

1. d4 Nf6 2. c4 g6 3. Nc3 d5 4. cxd5 Nxd5 5. e4 Nxc3 6. bxc3 Bg7 7. Nf3 O-O
8. Be2 c5 9. O-O Bg4 10. Be3 cxd4 11. cxd4 Bxf3 12. Bxf3 Nc6 13. e5 e6 14.
Rb1 Rb8 15. Qa4 Qd7 16. Qa3 Nxd4 17. Bxd4 Qxd4 18. Bxb7 Bxe5 19. g3 Rfd8 20.
Bf3 Rxb1 21. Rxb1 Qd3 22. Rb3 Qc2 23. Qa5 Qc7 24. Qxc7 Bxc7 25. Rb2 Bb6 26.
Kg2 Kg7 27. Rc2 f5 28. h4 Kf6 29. h5 e5 30. hxg6 hxg6 31. Be2 Rd6 32. Bb5
Kg7 33. a4 e4 34. Rb2 g5 35. Rc2 f4 36. gxf4 gxf4 37. Rc4 Rd2 38. Rxe4 Rxf2+
39. Kh3 Kf6 40. Kg4 Be3 41. Bc4 Rg2+ 42. Kf3 Rh2 43. Re6+ Kf5 44. Rxe3 Rh3+
45. Kf2 Rxe3 46. Bb5 Ra3 47. Ke2 Ke4 48. Bc6+ Kd4 49. Kf2 Kc5 50. Be8 Kb4
51. Ke2 Rxa4 {White resigns} 0-1

[Event "ICC Open 2015"]
[Site "Internet Chess Club"]
[Date "2015.05.29"]
[Round "3"]
[White "fundador"]
[Black "NietzscheBac"]
[Result "1-0"]
[ICCResult "Black resigns"]
[WhiteElo "1398"]
[BlackElo "1611"]
[Opening "King's Indian, 3.Nf3"]
[ECO "E61"]
[NIC "QP.06"]
[Time "19:35:02"]
[TimeControl "180+0"]

1. Nf3 Nf6 2. d4 g6 3. c4 Bg7 4. Nc3 O-O 5. h3 d6 6. Bf4 c5 7. e3 Nbd7 8.
Rc1 a6 9. Bd3 cxd4 10. exd4 Nb6 11. O-O Nh5 12. Bh2 Qc7 13. b3 Nd7 14. c5
Qa5 15. cxd6 exd6 16. Bxd6 Re8 17. Re1 Rxe1+ 18. Qxe1 Nhf6 19. Ne4 Nxe4 20.
Qxa5 Nxd6 21. Ne5 b6 22. Qc3 Nxe5 23. dxe5 Nf5 24. Bxf5 Bxf5 25. g4 Be6 26.
f4 b5 27. Qc6 Bf8 28. Qxa8 {Black resigns} 1-0

[Event "ICC Open 2015"]
[Site "Internet Chess Club"]
[Date "2015.05.29"]
[Round "3"]
[White "orak"]
[Black "alico"]
[Result "1-0"]
[ICCResult "Black resigns"]
[WhiteElo "1586"]
[BlackElo "1285"]
[Opening "Sicilian defense"]
[ECO "B20"]
[NIC "SI.48"]
[Time "19:35:22"]
[TimeControl "180+0"]

1. e4 c5 2. c4 d6 3. Nc3 Nc6 4. g3 g6 5. Bg2 Bg7 6. Nge2 Bg4 7. f3 Be6 8. d3
Nd4 9. O-O Nf6 10. h3 Qd7 11. Nf4 Nh5 12. Nxe6 Qxe6 13. Kh2 Nf6 14. f4 O-O
15. Be3 Nc6 16. a3 a6 17. Rb1 Na5 18. b4 cxb4 19. axb4 Nc6 20. Qd2 Nd7 21.
d4 d5 22. cxd5 Qd6 23. dxc6 bxc6 24. e5 Qe6 25. d5 cxd5 26. Nxd5 Qf5 27.
Nxe7+ Kh8 28. Nxf5 gxf5 29. Bxa8 Rxa8 30. Qxd7 {Black resigns} 1-0

[Event "ICC Open 2015"]
[Site "Internet Chess Club"]
[Date "2015.05.29"]
[Round "3"]
[White "Bagelhead"]
[Black "Chisel"]
[Result "1-0"]
[ICCResult "Black resigns"]
[WhiteElo "2331"]
[BlackElo "1736"]
[Opening "Four knights: symmetrical, Tarrasch variation"]
[ECO "C49"]
[NIC "KP.03"]
[Time "19:35:42"]
[TimeControl "180+0"]

1. e4 e5 2. Nf3 Nc6 3. Nc3 Nf6 4. Bb5 Bb4 5. O-O O-O 6. d3 d6 7. Bg5 Be6 8.
Nd5 Bxd5 9. exd5 Nd4 10. Nxd4 exd4 11. Qf3 c5 12. dxc6 bxc6 13. Bxc6 Rc8 14.
Ba4 Rc5 15. Bh4 h6 16. Bb3 g5 17. Bg3 Kg7 18. h4 g4 19. Qf4 Re5 20. Qxd4 Bc5
21. Qc3 Re2 22. d4 Ne4 23. Qd3 Nxg3 24. fxg3 Rfe8 25. Rxf7+ {Black resigns}
1-0

[Event "ICC Open 2015"]
[Site "Internet Chess Club"]
[Date "2015.05.29"]
[Round "3"]
[White "weezil"]
[Black "Mardaker"]
[Result "0-1"]
[ICCResult "White resigns"]
[WhiteElo "1951"]
[BlackElo "2758"]
[Opening "Trompowsky attack (Ruth, Opocenský opening)"]
[ECO "A45"]
[NIC "QP.07"]
[Time "19:35:59"]
[TimeControl "180+0"]

1. d4 Nf6 2. Bg5 e6 3. e3 Be7 4. Bd3 O-O 5. Nd2 b6 6. Qe2 Bb7 7. f4 d6 8.
Ngf3 Nbd7 9. O-O-O c5 10. Kb1 Rc8 11. h4 Nd5 12. Bxe7 Qxe7 13. g4 Nb4 14. a3
Nxd3 15. cxd3 e5 16. dxe5 dxe5 17. f5 e4 18. dxe4 Rfe8 19. Ng5 h6 20. Ngf3
c4 21. g5 c3 22. Nb3 c2+ 23. Ka2 cxd1=Q 24. Rxd1 Qxe4 25. Nfd4 Nc5 26. gxh6
Nxb3 27. Nxb3 Bd5 28. Rg1 Bxb3+ 29. Ka1 Qxe3 30. Rxg7+ Kh8 {White resigns}
0-1

[Event "ICC Open 2015"]
[Site "Internet Chess Club"]
[Date "2015.05.29"]
[Round "3"]
[White "Zigfrid"]
[Black "Lightlike"]
[Result "1-0"]
[ICCResult "Black resigns"]
[WhiteElo "3082"]
[BlackElo "2644"]
[Opening "QGD Slav: 4.Nc3"]
[ECO "D15"]
[NIC "SL.03"]
[Time "19:34:53"]
[TimeControl "180+0"]

1. d4 d5 2. c4 c6 3. Nf3 Nf6 4. Nc3 a6 5. e3 b5 6. b3 Bg4 7. Qc2 Bxf3 8.
gxf3 e6 9. f4 g6 10. c5 Nbd7 11. Bd3 Be7 12. Bb2 Nh5 13. Ne2 Ng7 14. Ng1 Nf5
15. O-O-O Nf6 16. Nf3 Qc7 17. Ne5 Nd7 18. Nf3 h5 19. Kb1 O-O-O 20. a3 Kb7
21. Bc3 Ra8 22. Bd2 a5 23. Ka2 Kc8 24. Rdg1 a4 25. b4 Kb7 26. Qd1 Rag8 27.
Qe2 Ka6 28. Rb1 Rg7 29. Rb2 Ra8 30. Rc1 Nb8 31. Be1 Kb7 32. Ne5 Kc8 33. Bxb5
cxb5 34. Qxb5 f6 35. Qd3 fxe5 36. fxe5 Nc6 37. b5 Na5 38. b6 Qb7 39. Bxa5
Rxa5 40. c6 Qa6 41. b7+ Kb8 42. c7+ Ka7 {Black resigns} 1-0

[Event "ICC Open 2015"]
[Site "Internet Chess Club"]
[Date "2015.05.29"]
[Round "3"]
[White "PJJVenegas"]
[Black "gannikus1992"]
[Result "0-1"]
[ICCResult "White resigns"]
[WhiteElo "1854"]
[BlackElo "2061"]
[Opening "QGD: 6.Nf3"]
[ECO "D55"]
[NIC "QO.13"]
[Time "19:35:35"]
[TimeControl "180+0"]

1. d4 d5 2. c4 e6 3. Nc3 Nf6 4. Bg5 Be7 5. e3 O-O 6. Nf3 b6 7. cxd5 exd5 8.
Bd3 Bb7 9. O-O Ne4 10. Bxe7 Qxe7 11. Rc1 c5 12. Qc2 Nd7 13. Nd2 Nxd2 14.
Qxd2 c4 15. Bb1 f5 16. Rce1 Bc6 17. f3 Qg5 18. Qf2 Rae8 19. Re2 b5 20. a3 a5
21. Rfe1 b4 22. Na2 Rb8 23. axb4 axb4 24. h4 Qf6 25. e4 fxe4 26. fxe4 Qxf2+
27. Rxf2 Rxf2 28. Kxf2 dxe4 29. Bxe4 Bxe4 30. Rxe4 Nf6 31. Re5 Ng4+ 32. Kf3
Nxe5+ 33. dxe5 c3 34. bxc3 b3 35. Nb4 b2 {White resigns} 0-1